Map: Abyssal Reef LE

Players

DisK

  • Race: Protoss Protoss
  • Spawn Location: 5:00

A.I. 1 (Very Easy) - Winner!

  • Race: Terran Terran
  • Spawn Location: 11:00

VOD

Have the link to the VOD?

Description

Time

  • Played on: Feb. 18, 2025, 7:17 a.m.
  • Length: 11:25
Show
View Real Time Build Order
Export as new Build Order

DisK Protoss 

Build Orders:  

Get SALT Encoding   

  12  0:00  Probe  
  13  0:12  Probe  
  14  0:18  Pylon  
  14  0:24  Probe  
  15  0:33  Probe  
  15  0:36  Gateway  
  15  0:41  Probe  
  16  0:46  Assimilator  
  17  0:51  Probe  
  18  1:03  Probe  
  19  1:15  Probe  
  20  1:22  Cybernetics Core  
  20  1:33  Nexus  
  20  1:37  Probe  
  21  1:42  Pylon  
  21  1:49  Assimilator  
  21  1:50  Adept, Probe  
  24  2:01  Warp Gate  
  24  2:04  Probe  
  25  2:16  Probe  
  25  2:22  Twilight Council  
  26  2:25  Probe  
  26  2:29  Stalker  
  27  2:33  Probe  
  29  2:41  Probe  
  29  2:43  Blink  
  29  2:44  Probe  
  30  2:50  Probe  
  32  2:53  Gateway  
  32  2:56  Probe  
  34  3:05  Probe  
  35  3:08  Probe  
  36  3:17  Probe  
  36  3:19  Robotics Facility  
  37  3:20  Probe  
  38  3:28  Pylon  
  38  3:29  Probe  
  38  3:32  Probe  
  40  3:41  Probe  
  40  3:44  Probe  
  42  3:48  Stalker  
  42  3:49  Stalker  
  42  3:53  Probe  
  47  3:56  Probe  
  47  4:01  Nexus  
  48  4:06  Pylon  
  48  4:07  Probe  
  48  4:08  Observer  
  48  4:09  Probe  
  51  4:13  Stalker  
  53  4:19  Probe  
  53  4:20  Assimilator  
  53  4:24  Forge, Probe  
  55  4:26  Protoss Ground Weapons Level 1  
  55  4:28  Stalker  
  57  4:33  Probe  
  57  4:36  Probe  
  57  4:37  Gateway  
  59  4:41  Gateway  
  59  4:45  Probe  
  60  4:49  Charge  
  60  4:52  Probe  
  61  4:57  Probe  
  62  5:05  Pylon  
  62  5:09  Probe  
  62  5:12  Probe x2, Pylon  
  65  5:17  Probe  
  65  5:21  Gateway  
  65  5:22  Gateway  
  65  5:24  Gateway  
  65  5:25  Gateway  
  65  5:26  Probe x2  
  68  5:30  Sentry x2  
  68  5:31  Sentry  
  68  5:34  Probe  
  75  5:39  Probe x2, Pylon  
  75  5:41  Pylon  
  77  5:48  Zealot  
  79  5:52  Pylon  
  79  5:55  Zealot x3, Pylon  
  89  6:04  Immortal  
  89  6:05  Protoss Ground Armor Level 1  
  89  6:10  Zealot  
  91  6:17  Zealot x5  
  101  6:20  Pylon  
  101  6:24  Zealot x2  
  105  6:28  Nexus  
  105  6:36  Probe x2  
  105  6:37  Probe  
  108  6:41  Zealot x3  
  108  6:42  Zealot  
  108  6:46  Zealot x2  
  120  6:49  Zealot  
  120  6:51  Zealot  
  124  6:55  Assimilator  
  124  6:56  Probe x2  
  124  6:57  Assimilator  
  124  6:58  Probe  
  127  7:05  Pylon x2  
  127  7:08  Robotics Bay  
  127  7:09  Robotics Facility  
  127  7:12  Probe x3  
  130  7:21  Zealot, Pylon  
  132  7:23  Zealot x3  
  132  7:26  Probe  
  132  7:27  Probe x2  
  141  7:34  Stalker x2  
  141  7:36  Stalker  
  147  7:40  Forge  
  147  7:42  Probe x2  
  147  7:43  Probe  
  150  7:44  Colossus  
  150  7:45  Colossus  
  150  7:47  Protoss Ground Armor Level 2, Protoss Ground Weapons Level 2  
  150  7:52  Observer  
  162  7:58  Extended Thermal Lance  
  162  8:00  Probe x2  
  164  8:07  Pylon  
  164  8:08  Pylon  
  164  8:19  Pylon  
  164  8:21  Stalker  
  164  8:22  Stalker  
  164  8:23  Stalker, Pylon  
  170  8:29  Colossus x2  
  170  8:31  Pylon  
  182  8:42  Nexus  
  182  8:44  Pylon  
  182  8:53  Gateway  
  182  8:54  Gateway  
  182  8:57  Gateway x2  
  182  8:58  Pylon  
  182  9:04  Stalker x2  
  182  9:05  Stalker  
  188  9:10  Stalker x2  
  188  9:15  Dark Shrine  
  192  9:22  Pylon  
  192  9:23  Warp Prism  
  194  9:29  Stargate  
  194  9:32  Photon Cannon  
  194  9:33  Shield Battery  
  194  9:34  Photon Cannon, Shield Battery  
  194  9:35  Photon Cannon, Shield Battery  
  194  9:40  Observer  
  195  9:50  Shield Battery  
  195  9:51  Photon Cannon  
  195  9:54  Pylon  
  195  10:01  Disruptor  
  195  10:06  Disruptor  
  199  10:23  Gravitic Boosters  
  199  10:30  Assimilator x2  
  199  10:31  Nexus x2  
  199  10:33  Pylon x2  
  199  10:53  Gateway  
  199  10:54  Gateway  
  199  10:55  Gateway  
  199  10:57  Gateway  
  199  11:15  Photon Cannon  
  199  11:18  Photon Cannon  
Show
View Real Time Build Order
Export as new Build Order

A.I. 1 (Very Easy) Terran - Winner!

Build Orders:  

Get SALT Encoding   

  12  0:00  SCV  
  13  0:13  SCV  
  14  0:18  Supply Depot  
  14  0:37  Refinery  
  14  0:40  Barracks  
  14  1:06  Supply Depot  
  14  1:13  Refinery  
  14  1:27  Marine  
  14  1:28  Orbital Command  
  15  1:53  SCV  
  16  2:02  Marine  
  16  2:05  SCV  
  18  2:17  SCV  
  19  2:29  SCV  
  20  2:36  Marine  
  21  2:41  SCV  
  22  2:53  SCV  
  23  5:03  SCV  
  23  5:55  SCV, Marine  
  23  5:56  Supply Depot  
  25  5:58  Factory  
  25  6:07  SCV  
  23  6:19  SCV  
  23  6:23  Supply Depot  
  24  6:29  Marine  
  24  6:32  SCV  
  25  6:39  Command Center  
  25  6:43  Starport  
  25  6:44  SCV  
  26  6:48  Barracks Tech Lab  
  26  6:56  SCV  
  27  7:06  Marine  
  28  7:20  Starport Tech Lab  
  28  7:41  Marauder  
  28  7:42  Raven  
  31  7:53  SCV  
  32  8:00  SCV, Refinery  
  32  8:03  Refinery  
  33  8:07  SCV  
  34  8:14  SCV  
  34  8:15  Marine  
  34  8:16  Raven  
  37  8:21  SCV  
  38  8:29  SCV  
  39  8:36  SCV  
  40  8:43  SCV  
  41  8:50  SCV  
  42  8:57  SCV  
  43  9:05  SCV  
  44  9:12  SCV  
  45  9:19  SCV  
  46  9:26  SCV  
  47  9:34  SCV  
  48  9:41  SCV  
  49  9:48  SCV  
  53  11:12  Supply Depot  
Tags
 
Add a new tag
Caveats
  • Supply blocks, unpowered buildings, or Contaminate may cause inaccurate times.
  • Supply counts are checked every 10 seconds.